 Dungeon Crawl Stone Soup version 0.22-a0-247-gbddf880 (webtiles) character file.

272 rb the Cleaver (level 6, -3/51 HPs)
             Began as a Hill Orc Monk on Feb 23, 2018.
             Slain by a gnoll
             ... wielding a +0 whip
              (6 damage)
             ... on level 3 of the Dungeon.
             The game lasted 00:09:28 (2653 turns).

rb the Cleaver (Hill Orc Monk)                      Turns: 2653, Time: 00:09:28

Health: -3/51      AC:  9    Str: 16    XL:     6   Next: 23%
Magic:  6/6        EV: 10    Int: 10    God:
Gold:   215        SH:  0    Dex: 13    Spells: 5/5 levels left

rFire    . . .     SeeInvis .   a - +0 hand axe
rCold    . . .     Gourm    .   (no shield)
rNeg     . . .     Faith    .   o - +0 scale mail {rPois}
rPois    +         Spirit   .   n - +1 helmet
rElec    .         Reflect  .   (no cloak)
rCorr    .         Harm     .   h - +0 pair of gloves
MR       .....                  (no boots)
Stlth    ..........             (no amulet)
HPRegen  0.17/turn              (no ring)
MPRegen  0.10/turn              (no ring)

@: flying
A: no striking features
a: no special abilities


You were on level 3 of the Dungeon.
You were not hungry.

You visited 1 branch of the dungeon, and saw 3 of its levels.

You collected 215 gold pieces.

Inventory:

Hand Weapons
 a - a +0 hand axe (weapon)
 b - a +0 mace
Missiles
 i - 195 stones
 l - 9 tomahawks (quivered)
Armour
 d - a +0 robe
 h - a +0 pair of gloves (worn)
 n - a +1 helmet (worn)
 o - a +0 scale mail of poison resistance (worn)
Scrolls
 j - a scroll of blinking
 k - a scroll of remove curse
 p - 2 scrolls of identify
Potions
 m - a potion of brilliance {unknown}
 q - a potion of might {unknown}
Comestibles
 c - 5 rations {@e1}
 f - a chunk of flesh {@w0}


   Skills:
 - Level 3.6 Fighting
 + Level 9.0 Axes
 - Level 2.4 Dodging
 - Level 1.5 Stealth


You had 5 spell levels left.
You didn't know any spells.

Dungeon Overview and Level Annotations

Branches:
Dungeon (3/15)

Altars:
Trog
Vehumet


Message History

The gnoll hits you from afar with a halberd of flaming!
The gnoll burns you.
You regained 11 hp, and now have 19/51 hp.
You hit the gnoll but do no damage. The gnoll hits you but does no damage.
You hit the gnoll but do no damage. The gnoll hits you but does no damage.
The gnoll hits you with a whip.
You take 2 damage, and have 17/51 hp.
You hit the gnoll.
The gnoll hits you from afar with a halberd of flaming!
* * * LOW HITPOINT WARNING * * *
The gnoll burns you.
* * * LOW HITPOINT WARNING * * *
The gnoll barely misses you.
You take 14 damage, and have 3/51 hp.
MASSIVE DAMAGE!!
It was a potion of flight.
You feel very buoyant.
You fly up into the air.
The gnoll barely misses you. The gnoll hits you with a whip.
You die...

######.......#####..#
#. ##'#####........##
#. #......#.........#
## #......#.........##
#......#..........#
###......#........#.##
+.....g....########..#
######g##### ##.## #@#
#..# #.# ##.# #.# #.#
#.# #.) #.# ##. #.# #.
#.# ##### #.# #....
#.. #.#.###


You could see 2 gnolls.

Vanquished Creatures
  An orc wizard (D:3)
  Natasha (D:2)
  Terence (D:2)
  Robin (D:2)
  A gnoll (D:3)
  6 adders
  2 worms (D:2)
  A dart slug (D:1)
  5 leopard geckos
  5 orcs (D:3)
  6 giant cockroaches
  19 hobgoblins
  A jackal (D:1)
  2 ball pythons
  9 bats
  3 frilled lizards
  17 goblins
  7 kobolds
  9 rats
97 creatures vanquished.

Notes
Turn   | Place    | Note
-------+----------+-------------------------------------------
     0 | D:1      | rb the Hill Orc Monk began the quest for the Orb.
     0 | D:1      | Reached XP level 1. HP: 19/19 MP: 1/1
    58 | D:1      | Reached XP level 2. HP: 11/26 MP: 2/2
   269 | D:1      | Reached skill level 5 in Axes
   557 | D:1      | Reached XP level 3. HP: 31/31 MP: 3/3
   763 | D:2      | Reached skill level 6 in Axes
   785 | D:2      | Reached XP level 4. HP: 17/39 MP: 4/4
   940 | D:2      | Noticed Robin
  1003 | D:2      | Killed Robin
  1358 | D:2      | Noticed Terence
  1375 | D:2      | Killed Terence
  1375 | D:2      | Reached skill level 7 in Axes
  1403 | D:2      | Found a radiant altar of Vehumet.
  1443 | D:2      | Reached XP level 5. HP: 36/45 MP: 5/5
  1639 | D:2      | Found a bloodstained altar of Trog.
  1640 | D:2      | Noticed Natasha
  1678 | D:2      | Killed Natasha
  1820 | D:2      | Reached skill level 8 in Axes
  2276 | D:3      | Reached XP level 6. HP: 34/51 MP: 6/6
  2645 | D:3      | Reached skill level 9 in Axes
  2653 | D:3      | Slain by a gnoll

Vault maps used:
D:1:      ncdulo_wetmaze, minmay_unequal
D:2:      nicolae_overflow_crystal_walls, trog_hazing_becter, uniq_robin,
          uniq_terence, uniq_natasha
D:3:      first_ration

Skill      XL: |  1  2  3  4  5  6 |
---------------+-------------------+-----
Axes           | 5 6 7 8 9 |  9.0
Fighting       | |  3.6
Dodging        | |  2.4
Stealth        | |  1.5

Action                   |  1- 3 |  4- 6 || total
-------------------------+-------+-------++-------
Melee: Hand axe          |    97 |   265 ||   362
  Use: Scroll            |     1 |     4 ||     5
       Potion            |       |     3 ||     3
 Stab: Sleeping          |     3 |     1 ||     4
       Distracted        |       |     1 ||     1
  Eat: Chunk             |       |     6 ||     6
Armor: Robe              |    22 |     7 ||    29
       Scale mail        |       |    93 ||    93
Dodge: Dodged            |    64 |   144 ||   208

Table legend:
 A = Spawn XP
 B = Non-spawn XP
 C = Spawn XP percentage of total XP
 D = Spawn monster count
 E = Non-spawn monster count
 F = Spawn count percentage of total count
 G = Total turns spent on level
                    A         B        C        D         E        F      G
               +---------+---------+-------+---------+---------+-------+---------
         Total |       0 |     389 |   0.0 |       0 |      97 |   0.0 |  2653
               +---------+---------+-------+---------+---------+-------+---------
           D:1 |       0 |      59 |   0.0 |       0 |      31 |   0.0 |   748
           D:2 |       0 |     196 |   0.0 |       0 |      42 |   0.0 |  1461
           D:3 |       0 |     134 |   0.0 |       0 |      24 |   0.0 |   444
               +---------+---------+-------+---------+---------+-------+---------
